 Seeded DCSS version 0.28-a0-863-g8cecda6153 (webtiles) character file.

Game seed: 20211117 (custom seed)

128 Woods the Skirmisher (level 4, 0/38 HPs)
             Began as a Demonspawn Abyssal Knight on Nov 17, 2021.
             Was a Follower of Lugonu.
             Slain by an orc (7 damage)
             ... on level 4 of the Dungeon.
             The game lasted 00:04:57 (3619 turns).

Woods the Skirmisher (Demonspawn Abyssal Knight)    Turns: 3619, Time: 00:04:58

Health: 0/38       AC:  3    Str: 14    XL:     4   Next: 86%
Magic:  6/6        EV: 11    Int: 12    God:    Lugonu [*.....]
Gold:   84         SH:  0    Dex: 13    Spells: 3/3 levels left

rFire   + . .      SeeInvis .   a - +1 falchion
rCold   + . .      Faith    .   (no shield)
rNeg    . . .      Spirit   .   b - +0 leather armour
rPois   .          Reflect  .   (no helmet)
rElec   .          Harm     .   f - scarf {rC+ rF+}
rCorr   .          Rampage  .   (no gloves)
Will    .....                   (no boots)
Stlth   +.........              (no amulet)
HPRegen 0.12/turn               (no ring)
MPRegen 0.10/turn               (no ring)

@: no status effects
A: powered by pain 2
a: Renounce Religion, Depart the Abyss


You were on level 4 of the Dungeon.
You worshipped Lugonu.
Lugonu was aware of your devotion.
You visited 1 branch of the dungeon, and saw 4 of its levels.
You visited the Abyss 1 time.

You collected 84 gold pieces.

Inventory:

Hand Weapons
 a - a +1 falchion (weapon)
 g - a +2 short sword of venom
Armour
 b - a +0 leather armour (worn)
 f - a scarf of resistance (worn)
Scrolls
 c - 2 scrolls of fear {unknown}
 d - 2 scrolls of magic mapping
 e - a scroll of summoning {unknown}
 j - a scroll of amnesia {unknown}
 k - a scroll of silence {unknown}
 n - a scroll of enchant armour {unknown}
 o - a scroll of holy word {unknown}
Potions
 h - a potion of attraction {unknown}
 i - 2 potions of flight {unknown}
 l - a potion of degeneration {unknown}
 m - a potion of lignification {unknown}
 p - a potion of ambrosia {unknown}


   Skills:
 + Level 4.3 Fighting
 + Level 3.3 Long Blades
 - Level 1.8 Armour
 - Level 1.0 Dodging
 - Level 2.9 Invocations


You had 3 spell levels left.
You didn't know any spells.
Your spell library contained the following spells:

 Spells                   Type           Power      Damage    Failure   Level
 Leda's Liquefaction      Hex/Erth       0%         N/A       99%         4
 Lee's Rapid Deconstruct  Erth           0%         3d5*      100%        5
 Statue Form              Tmut/Erth      0%         N/A       100%        6


Dungeon Overview and Level Annotations

Branches:
Dungeon (3/15)

Altars:
Ru
The Shining One


Innate Abilities, Weirdness & Mutations

You sometimes gain power by taking damage.


Message History

You slash the orc!
You kill the orc!
Lugonu accepts your kill.
You hit the orc.
The orc is heavily wounded.
The orc hits you with a +0 dagger.
You closely miss the orc wizard. You closely miss the orc wizard.
The orc wizard barely misses you.
The orc wizard hits you with a +0 dagger.
Unknown command.
You hit the orc wizard.
The orc wizard is moderately wounded.
The orc wizard gestures wildly while chanting.
The orc wizard flickers and vanishes!
Deactivating autopickup; reactivate with Ctrl-A.
Unknown command.
You hit something.
You hear some strange, mumbled words.
A magic dart appears from out of thin air!
The magic dart hits you!
The orc throws a boomerang.
The boomerang barely misses you.
You hit something. Something hits you.
You hit something.
The orc throws a boomerang.
The boomerang closely misses you.
You closely miss something.
You hear some strange, mumbled words.
A magic dart appears from out of thin air!
The magic dart hits you!
* * * LOW HITPOINT WARNING * * *
The orc throws a boomerang.
The boomerang closely misses you.
You hit something. Something hits you but does no damage.
Unknown command.
You hit something. Lugonu accepts your kill.
Reactivating autopickup.
You feel a bit more experienced. The orc closely misses you.
You hit the orc.
The orc is heavily wounded.
The orc hits you from afar with a +0 trident!
You die...

#..........#
*,,,,,******,
#..######..##
*,,,,,,,,,,,, #..* ##..#
*,,*******,** *#o.* #.o#
**** *** **o..* #..#
***....* #.## #####
,,.....*** #oo# ##...#
,,,,,,,,,** ##o## #...##
**,,,,,,,,** ##@##
##.### * *,,,*****,,*
##.###..# * *,,** **,**
##.....# *
,,,,*****#,,** #.....#
,,,,..,,*#...#####.....#
,,,,,...**#............#
*,**##..* #######......#
*..,#...* ###..(.#
,...*#..### ##..###


You could see 3 orcs.

Vanquished Creatures
  A crimson imp (D:4)
  An orc wizard (D:4)
  2 adders
  A worm (D:2)
  2 orcs
  2 bats
  4 endoplasms
  2 giant cockroaches
  5 goblins
  4 hobgoblins
  2 jackals (D:1)
  5 quokkas
  2 ball pythons (D:1)
  3 frilled lizards
  2 goblin skeletons (D:4)
  4 kobolds
  A kobold zombie (D:4)
  An orc skeleton (D:4)
  2 orc zombies (D:4)
  2 rats
48 creatures vanquished.

Notes
Turn   | Place    | Note
-------+----------+-------------------------------------------
     0 | Abyss:1  | Woods the Demonspawn Abyssal Knight began the quest for the
                  | Orb.
     0 | Abyss:1  | Reached XP level 1. HP: 18/18 MP: 2/2
    40 | Abyss:1  | Noticed a neqoxec
    40 | Abyss:1  | Noticed a small abomination
    41 | D:1      | Escaped the Abyss
   121 | D:1      | Reached * piety under Lugonu
   236 | D:1      | Reached skill level 1 in Dodging
   316 | D:1      | Gained mutation: You sometimes gain a little power by
                  | taking damage. [demonic ancestry]
   316 | D:1      | Reached XP level 2. HP: 17/24 MP: 4/4
   960 | D:1      | HP: 1/24 [poisoned by a kobold]
  1949 | D:2      | Gained mutation: You sometimes gain power by taking damage.
                  | [demonic ancestry]
  1949 | D:2      | Reached XP level 3. HP: 29/29 MP: 5/5
  3028 | D:3      | You fall into a shaft and drop 1 floor!
  3030 | D:4      | Found a sacrificial altar of Ru.
  3071 | D:4      | Reached ** piety under Lugonu
  3100 | D:4      | Reached skill level 4 in Fighting
  3100 | D:4      | Reached XP level 4. HP: 19/37 MP: 6/6
  3619 | D:4      | Slain by an orc

Illustrated notes

Levels and vault maps discovered:
D:1:      evilmike_arrival_plus, layout_basic
D:2:      layout_basic
D:3:      minmay_goblin_kobold_castle, layout_loops_ring,
          nicolae_qazlal_eye_of_the_storm
D:4:      layout_layer_cave, lemuel_crystal_altar, nicolae_tso_besieged_by_evil

Skill      XL: |  1  2  3 |
---------------+----------+-----
Dodging        | 1 |  1.0
Long Blades    | 2 3 |  3.3
Fighting       | 4 |  4.3
Armour         | |  1.8
Invocations    | |  2.9

Action                   |  1- 3 |  4- 6 || total
-------------------------+-------+-------++-------
Melee: Falchion          |   167 |    29 ||   196
Invok: Depart the Abyss  |     1 |       ||     1
  Use: Scroll            |     1 |       ||     1
       Potion            |       |     1 ||     1
 Stab: Sleeping          |     2 |       ||     2
Armor: Leather armour    |    44 |     3 ||    47
Dodge: Dodged            |   110 |    16 ||   126

Table legend: (Time is in decaauts)
 A = Elapsed time spent in this place.
 B = Non-inter-level travel time spent in this place.
 C = Inter-level travel time spent in this place.
 D = Time resting spent in this place.
 E = Time spent auto-exploring this place.
 F = Levels seen in this place.
 G = Mean time per level.
                   A        B        C        D        E       F      G
               +--------+--------+--------+--------+--------+-----+--------+
         Total |   3658 |   3589 |     69 |    895 |   2061 |   5 |  731.6 |
       Dungeon |   3617 |   3548 |     69 |    895 |   2042 |   4 |  904.2 |
         Abyss |     41 |     41 |      0 |      0 |     19 |   1 |   41.0 |
               +--------+--------+--------+--------+--------+-----+--------+

Top non-repeatable levels by time:
     D:1: 2083 daAuts
     D:2: 659 daAuts
     D:4: 600 daAuts
     D:3: 273 daAuts
 Abyss:1: 41 daAuts
